 Dungeon Crawl Stone Soup version 0.30-a0-772-g5528072125 (webtiles) character file.

Game seed: 3096475616445912245

343 pokeman the Magician (level 6, -15/34 HPs)
             Began as a Deep Elf Hedge Wizard on Feb 12, 2023.
             Demolished by Menkaure (16 damage)
             ... on level 4 of the Dungeon.
             The game lasted 00:07:21 (2866 turns).

pokeman the Magician (Deep Elf Hedge Wizard)        Turns: 2866, Time: 00:07:22

Health: -15/34     AC:  3    Str:  7    XL:     6   Next: 31%
Magic:  13/18      EV: 13    Int: 21    God:
Gold:   222        SH:  0    Dex: 14    Spells: 11/19 levels left

rFire   . . .      SeeInvis .    p - +1 whip (venom)
rCold   . . .      Faith    .    (no shield)
rNeg    . . .      Spirit   .    b - +0 robe
rPois   .          Reflect  .    h - +0 helmet
rElec   .          Harm     .    (no cloak)
rCorr   .          Rampage  .    (no gloves)
Will    .....                    (no boots)
Stlth   ++                       j - amulet of magic regeneration
HPRegen 0.25/turn                (no ring)
MPRegen 0.56/turn                (no ring)

@: no status effects
A: no striking features
a: no special abilities


You were on level 4 of the Dungeon.
You visited 1 branch of the dungeon, and saw 4 of its levels.

You collected 222 gold pieces.

Inventory:

Hand Weapons
 p - a +1 whip of venom (weapon)
Armour
 b - a +0 robe (worn)
 h - a +0 helmet (worn)
Jewellery
 j - an amulet of magic regeneration (around neck)
Wands
 r - a wand of quicksilver (8)
 t - a wand of charming (6)
Scrolls
 a - a scroll of fog {unknown}
 c - a scroll of amnesia {unknown}
 e - 4 scrolls of identify {unknown}
 f - 4 scrolls of magic mapping {unknown}
 g - 2 scrolls of poison {unknown}
 i - 3 scrolls of enchant armour {unknown}
 k - 2 scrolls of teleportation {unknown}
 q - a scroll of fear {unknown}
 u - a scroll of immolation {unknown}
 w - a scroll of brand weapon {unknown}
Potions
 d - a potion of magic
 l - a potion of berserk rage {unknown}
 m - 4 potions of curing {unknown}
 n - a potion of brilliance {unknown}
 o - a potion of lignification {unknown}
 s - a potion of might {unknown}
 v - a potion of heal wounds {unknown}
 x - 2 potions of degeneration {unknown}


   Skills:
 + Level 1.2 Fighting
 - Level 1.0 Armour
 - Level 3.1 Dodging
 - Level 3.2 Stealth
 * Level 7.0 Spellcasting
 + Level 3.1 Conjurations
 - Level 1.1 Summonings
 - Level 1.1 Translocations
 - Level 1.0 Air Magic
 - Level 1.2 Poison Magic
 + Level 0.5 Evocations


You had 11 spell levels left.
You knew the following spells:

 Your Spells              Type           Power      Damage    Failure   Level
a - Magic Dart            Conj           80%        1d7       2%          1
b - Mephitic Cloud        Conj/Pois/Air  14%        N/A       13%         3
c - Call Imp              Summ           12%        N/A       9%          2
d - Blink                 Tloc           24%        N/A       9%          2

Your spell library contained the following spells:

 Spells                   Type           Power      Damage    Failure   Level
 Slow                     Hex            28%        N/A       9%          1
 Cigotuvi's Dreadful Rot  Necr/Pois/Air  20%        N/A       10%         2


Dungeon Overview and Level Annotations

Branches:
Dungeon (4/15)
 Temple: D:4-7

Altars:
Gozag
Trog
Zin

Annotations:
D:4 exclusion: acid dragon, Menkaure


Message History

Press: ? - help, Shift-Dir - straight line, f/p - Menkaure
Aim: Menkaure (moderately damaged, 100% to hit)
The magic dart hits Menkaure.
Menkaure is heavily damaged.
Menkaure barely misses you.
Casting: Magic Dart (safe; 2% risk of failure)
Confirm with . or Enter, or press ? or * to list all spells.
Aiming: Magic Dart (safe; 2% risk of failure)
Press: ? - help, Shift-Dir - straight line, f/p - Menkaure
Aim: Menkaure (heavily damaged, 100% to hit)
The magic dart hits Menkaure.
Menkaure is severely damaged.
Casting: Magic Dart (safe; 2% risk of failure)
Confirm with . or Enter, or press ? or * to list all spells.
Aiming: Magic Dart (safe; 2% risk of failure)
Press: ? - help, Shift-Dir - straight line, f/p - Menkaure
Aim: Menkaure (severely damaged, 100% to hit)
The magic dart hits Menkaure but does no damage.
Menkaure is severely damaged.
Menkaure calls on the powers of darkness!
Your body is wracked with pain!
Casting: Magic Dart (safe; 2% risk of failure)
Confirm with . or Enter, or press ? or * to list all spells.
Aiming: Magic Dart (safe; 2% risk of failure)
Press: ? - help, Shift-Dir - straight line, f/p - Menkaure
Aim: Menkaure (severely damaged, 100% to hit)
The magic dart hits Menkaure.
Menkaure is almost destroyed.
Menkaure hits you!
Ouch! That really hurt!
* * * LOW HITPOINT WARNING * * *
Casting: Magic Dart (safe; 2% risk of failure)
Confirm with . or Enter, or press ? or * to list all spells.
Aiming: Magic Dart (safe; 2% risk of failure)
Press: ? - help, Shift-Dir - straight line, f/p - Menkaure
Aim: Menkaure (almost destroyed, 100% to hit)
The magic dart hits Menkaure but does no damage.
Menkaure is almost destroyed.
Menkaure hits you!
You die...

#####.. ......# ###### .......
......###.....# #### ......#
#.#.....#.....# #... ......#
#.#.....#.....# #...
......###.#.....#.....# #...
........#.#...........########...
......#.#........................
......#..........M...............
......#..###'###@###.#......##...
......#..# #.# #...#........##...
#####.#..###.###...##.......##...
#....'.._.^'..รท##.......##..#
####....#######.....[......#..##
#.....#..# ### #.......##.#...###
#.####...#######....#...#.#>#####
#.#..)........###......###..
...####..........#......##..#


You could see Menkaure.

Vanquished Creatures
  An orc warrior (D:3)
  A necrophage (D:4)
  A jelly (D:4)
  Natasha (D:4)
  An adder (D:2)
  3 gnolls (D:3)
  3 dart slugs
  3 orcs (D:3)
  2 ball pythons (D:4)
  11 endoplasms
  6 giant cockroaches
  5 hobgoblins
  3 quokkas
  4 bats
  3 frilled lizards
  11 goblins
  6 kobolds
  2 rats
67 creatures vanquished.

Vanquished Creatures (collateral kills)
  An adder (D:3)
  A worm (D:2)
  An orc (D:3)
  A ball python (D:3)
  An endoplasm (D:3)
  A kobold (D:3)
6 creatures vanquished.

Vanquished Creatures (others)
  6 plants (D:3)
  13 withered plants (D:3)
19 creatures vanquished.

Grand Total: 92 creatures vanquished

Notes
Turn   | Place    | Note
-------+----------+-------------------------------------------
     0 | D:1      | pokeman the Deep Elf Hedge Wizard began the quest for the
                  | Orb.
     0 | D:1      | Reached XP level 1. HP: 10/10 MP: 7/7
   247 | D:1      | Reached XP level 2. HP: 16/16 MP: 0/9
   961 | D:2      | Reached skill level 5 in Spellcasting
  1137 | D:2      | Reached XP level 3. HP: 20/20 MP: 8/11
  1167 | D:2      | Learned a level 3 spell: Mephitic Cloud
  1170 | D:2      | Learned a level 2 spell: Call Imp
  1173 | D:2      | Learned a level 2 spell: Blink
  1415 | D:2      | Reached skill level 1 in Fighting
  1590 | D:2      | Reached skill level 1 in Armour
  1772 | D:3      | Reached XP level 4. HP: 25/25 MP: 7/13
  1797 | D:3      | Noticed an orc warrior
  2053 | D:3      | Killed an orc warrior
  2054 | D:3      | Reached skill level 6 in Spellcasting
  2054 | D:3      | Reached XP level 5. HP: 26/29 MP: 13/15
  2054 | D:3      | Found a faded altar of an unknown god.
  2106 | D:3      | Found a glowing silver altar of Zin.
  2518 | D:4      | Reached skill level 1 in Air Magic
  2518 | D:4      | Reached skill level 1 in Poison Magic
  2518 | D:4      | Reached XP level 6. HP: 27/34 MP: 11/17
  2627 | D:4      | Noticed Natasha
  2638 | D:4      | Killed Natasha
  2658 | D:4      | Found an opulent altar of Gozag.
  2678 | D:4      | Reached skill level 7 in Spellcasting
  2816 | D:4      | Noticed an acid dragon
  2821 | D:4      | Found a bloodstained altar of Trog.
  2856 | D:4      | Noticed Menkaure
  2865 | D:4      | HP: 1/34 [Menkaure (17)]
  2866 | D:4      | Demolished by Menkaure

Illustrated notes

Levels and vault maps discovered:
D:1:      lightli_arrival_farm, layout_rooms
D:2:      cheibrodos_greedy_goblins, layout_basic, serial_glass,
          glass_columns_c, glass_columns_b, st_stairs_6
D:3:      layout_basic, mainiacjoe_overflow_chevrons,
          shapermc_ecumenical_altar_flowoftime
D:4:      minmay_angry_zag, layout_rooms, lemuel_doored_altar,
          nicolae_gozag_cash_rules_everything_around_me, sigmund_army,
          uniq_natasha, uniq_menkaure

Skill      XL: |  1  2  3  4  5  6 |
---------------+-------------------+-----
Spellcasting   | 5 6 7 |  7.0
Fighting       | 1 |  1.2
Armour         | 1 |  1.0
Conjurations   | 2 3 |  3.1
Dodging        | 3 |  3.1
Stealth        | 3 |  3.2
Air Magic      | 1 |  1.0
Poison Magic   | 1 |  1.2
Summonings     | |  1.1
Translocations | |  1.1
Evocations     | |  0.5

Action                     |  1- 3 |  4- 6 || total
---------------------------+-------+-------++-------
  Melee: Dagger            |    32 |       ||    32
         Whip              |       |    40 ||    40
   Cast: Magic Dart        |   125 |    57 ||   182
         Call Imp          |     1 |     4 ||     5
         Mephitic Cloud    |       |     7 ||     7
   Stab: Confused          |       |     4 ||     4
 Armour: Robe              |    18 |     4 ||    22
  Dodge: Dodged            |    30 |    24 ||    54

Table legend: (Time is in decaauts)
 A = Elapsed time spent in this place.
 B = Non-inter-level travel time spent in this place.
 C = Inter-level travel time spent in this place.
 D = Time resting spent in this place.
 E = Time spent auto-exploring this place.
 F = Levels seen in this place.
 G = Mean time per level.
                   A        B        C        D        E       F      G
               +--------+--------+--------+--------+--------+-----+--------+
         Total |   2891 |   2766 |    125 |    102 |   2092 |   4 |  722.8 |
       Dungeon |   2891 |   2766 |    125 |    102 |   2092 |   4 |  722.8 |
               +--------+--------+--------+--------+--------+-----+--------+

Top non-repeatable levels by time:
     D:1: 986 daAuts
     D:2: 783 daAuts
     D:3: 745 daAuts
     D:4: 375 daAuts
